 Dungeon Crawl Stone Soup version 0.25-a0-424-g80bd347ae0 (webtiles) character file.

Game seed: 7089570073052804740, levelgen mode: deterministic

371 Laukis the Shield-Bearer (level 6, -12/47 HPs)
             Began as a Demonspawn Fighter on Jan 22, 2020.
             Splashed by Ijyb's acid (16 damage)
             ... on level 4 of the Dungeon.
             The game lasted 00:06:58 (3420 turns).

Laukis the Shield-Bearer (Demonspawn Fighter)       Turns: 3420, Time: 00:06:59

Health: -12/47     AC:  6    Str: 19    XL:     6   Next: 42%
Magic:  0/6        EV:  7    Int:  9    God:
Gold:   219        SH:  9    Dex: 12    Spells: 5/5 levels left

rFire    . . .     SeeInvis .   a - +0 long sword
rCold    . . .     Gourm    .   c - +0 shield
rNeg     . . .     Faith    .   b - +0 scale mail
rPois    .         Spirit   +   (no helmet)
rElec    .         Reflect  .   m - +0 cloak
rCorr    .         Harm     .   (no gloves)
MR       .....                  (no boots)
Stlth    ..........             (no amulet)
HPRegen  0.15/turn              (no ring)
MPRegen  0.20/turn              (no ring)

@: corroded
A: iridescent scales 1, magic shield, magic regeneration
a: no special abilities


You were on level 4 of the Dungeon.
You were not hungry.

You visited 1 branch of the dungeon, and saw 4 of its levels.

You collected 219 gold pieces.

Inventory:

Hand Weapons
 a - a +0 long sword (weapon)
Missiles
 j - 22 poisoned darts (quivered)
Armour
 b - a +0 scale mail (worn)
 c - a +0 shield (worn)
 m - a +0 cloak (worn)
Wands
 d - a wand of polymorph (9)
Scrolls
 i - a scroll of identify
 k - a scroll of amnesia {unknown}
 n - 3 scrolls of immolation {unknown}
 r - 2 scrolls of blinking {unknown}
Potions
 e - a potion of agility {unknown}
 g - a potion of berserk rage
 h - a potion of haste
 o - 4 potions of curing
 p - a potion of brilliance
Comestibles
 f - 9 rations


   Skills:
 - Level 3.0 Fighting
 * Level 4.1 Long Blades
 + Level 3.8 Armour
 * Level 4.6 Shields


You had 5 spell levels left.
You didn't know any spells.
Your spell library was empty.

Dungeon Overview and Level Annotations

Branches:
Dungeon (4/15)
 Temple: D:4-7

Altars:

Annotations:
D:4 Duvessa, Ijyb


Innate Abilities, Weirdness & Mutations

You are partially covered in iridescent scales. (AC +2)
When hurt, damage is shared between your health and your magic reserves.
You regenerate magic rapidly.


Message History

Ijyb is lightly wounded.
Ijyb hits you with a +0 hand axe.
* * * LOW HITPOINT WARNING * * *
You hit Ijyb.
Ijyb is moderately wounded.
Ijyb hits you but does no damage.
You hit Ijyb but do no damage.
Ijyb is moderately wounded.
Ijyb hits you with a +0 hand axe.
* * * LOW HITPOINT WARNING * * *
You block Ijyb's attack.
You hit Ijyb.
Ijyb is heavily wounded.
Ijyb hits you but does no damage.
You closely miss Ijyb.
Ijyb is heavily wounded.
Ijyb zaps a wand.
The bolt of acid hits you.
* * * LOW HITPOINT WARNING * * *
The acid corrodes you!
You are splashed with acid!
You die...

#.. ..# #.# #.#
#.# # #
#.#####.#
....###.......#
......g@...#
.....#####.#
..... ####.#
...... #....#
.......##.##.#
.............#
#.......###.####
#.. .....##.#
###..####..##.#


You could see Ijyb.

Vanquished Creatures
  A bullfrog (D:4)
  4 killer bees (D:4)
  4 adders
  An ooze (D:3)
  3 worms
  7 dart slugs
  2 leopard geckos (D:1)
  An orc (D:3)
  A ball python (D:3)
  4 giant cockroaches
  12 goblins
  7 hobgoblins
  6 kobolds
  10 bats
  4 frilled lizards
  6 rats
73 creatures vanquished.

Notes
Turn   | Place    | Note
-------+----------+-------------------------------------------
     0 | D:1      | Laukis the Demonspawn Fighter began the quest for the Orb.
     0 | D:1      | Reached XP level 1. HP: 18/18 MP: 1/1
   278 | D:1      | Gained mutation: When hurt, damage is shared between your
                  | health and your magic reserves. [demonic ancestry]
   278 | D:1      | Reached XP level 2. HP: 24/24 MP: 2/2
   819 | D:1      | Gained mutation: You are partially covered in iridescent
                  | scales. (AC +2) [demonic ancestry]
   819 | D:1      | Reached XP level 3. HP: 29/29 MP: 3/3
  1593 | D:2      | Gained mutation: You regenerate magic rapidly. [demonic
                  | ancestry]
  1593 | D:2      | Reached XP level 4. HP: 32/35 MP: 4/4
  2519 | D:4      | Noticed Duvessa
  2717 | D:4      | Noticed a bullfrog
  2730 | D:4      | Killed a bullfrog
  2730 | D:4      | Reached XP level 5. HP: 32/41 MP: 5/5
  3140 | D:4      | Reached XP level 6. HP: 37/47 MP: 6/6
  3411 | D:4      | Noticed Ijyb
  3420 | D:4      | Splashed by Ijyb's acid

Levels and vault maps discovered:
D:1:      dpeg_arrival_tiny_a, layout_loops_ring
D:2:      minmay_inner_zag, layout_basic
D:3:      layout_basic, first_ration
D:4:      layout_loops_cross, xom_teletrap_fun,
          gammafunk_temple_overflow_forgotten, eino_tiny_chamber, uniq_ijyb,
          uniq_crazy_yiuf_cottage, uniq_duvessa

Skill      XL: |  1  2  3  4  5  6 |
---------------+-------------------+-----
Long Blades    | 2 3 4 |  4.1
Shields        | 3 4 |  4.6
Armour         | 3 |  3.8
Fighting       | |  3.0

Action                   |  1- 3 |  4- 6 || total
-------------------------+-------+-------++-------
Melee: Long sword        |   173 |   162 ||   335
  Use: Scroll            |       |     3 ||     3
       Potion            |       |     3 ||     3
  Eat: Chunk             |     3 |     4 ||     7
       Ration            |       |     1 ||     1
Armor: Scale mail        |   114 |    95 ||   209
Dodge: Dodged            |    53 |    54 ||   107
Block: Shield            |    98 |    87 ||   185
       Rpst.: Long sword |    12 |    17 ||    29

Table legend:
 A = Non-vault XP
 B = Vault XP
 C = Vault XP percentage of total XP
 D = Non-vault monster count
 E = Vault monster count
 F = Vault count percentage of total count
                 A         B        C        D         E       F
            +---------+---------+-------+---------+---------+-------
      Total |     525 |       6 |   1.1 |      68 |       5 |   6.8
            +---------+---------+-------+---------+---------+-------
        D:1 |      43 |       0 |   0.0 |      21 |       0 |   0.0
        D:2 |      85 |       6 |   6.6 |      22 |       5 |  18.5
        D:3 |      46 |       0 |   0.0 |      18 |       0 |   0.0
        D:4 |     351 |       0 |   0.0 |       7 |       0 |   0.0
            +---------+---------+-------+---------+---------+-------
